AoeStats
← EdiefeR

MegaRandom

503320201Analyzed
1v1 RM · 1mo ago on Aug 31, 2026· 30m 2s· 2 players
Game mode
Random Map
Map size
Tiny (2 player)
Population
200
Speed
Normal
Resources
Standard
Victory
Conquest
Starting age
Dark Age
Ending age
Imperial Age
RankedLock teamsTeams togetherTeam positionsShared explorationLock speedFull tech treeHidden civsTurbo modeCheats
Victory
Defeat
🇨🇱 Georgians · Chile
705
+13
🇦🇷 Burgundians · Argentina
633
-13
DonPipe
5:33 Loom
13:41 Feudal Age
15:57 Bloodlines
15:09 Man-at-Arms
15:35 Arson
19:44 Horse Collar
24:06 Castle Age
22:23 Scale Mail Armor
22:46 Fletching
22:59 Padded Archer Armor
23:54 Forging
24:24 Scale Barding Armor
24:09 Crossbowman
24:09 Elite Skirmisher
25:46 Husbandry
26:22 Long Swordsman
26:48 Gambesons
27:03 Squires
29:15 Double-Bit Axe
EdiefeR
6:30 Double-Bit Axe
12:37 Feudal Age
13:41 Bow Saw
21:06 Castle Age
20:16 Gold Mining
21:27 Stone Mining
22:13 Gold Shaft Mining
23:36 Two-Man Saw
Connection lost

Rejoining the realm…

Still unreachable

The connection could not be restored.

Session expired

The server has moved on; the page needs a fresh start.